 Dungeon Crawl Stone Soup version 0.21-a0-529-g8c7b3f5 (webtiles) character file.

44 slep the Chopper (level 3, -2/18 HPs)
             Began as a Vine Stalker Gladiator on Dec 10, 2017.
             Slain by a worm (5 damage)
             ... on level 2 of the Dungeon.
             The game lasted 00:03:07 (561 turns).

slep the Chopper (Vine Stalker Gladiator)            Turns: 561, Time: 00:03:08

Health: -2/18      AC:  6    Str: 17    XL:     3   Next: 62%
Magic:  0/4        EV: 13    Int:  8    God:
Gold:   87         SH:  0    Dex: 15    Spells: 2/2 levels left

rFire    x . .     SeeInvis .   a - +0 war axe
rCold    + . .     Gourm    .   (no shield)
rNeg     . . .     Faith    .   b - +0 leather armour
rPois    .         Spirit   +   m - +2 helmet
rElec    .         Reflect  .   (no cloak)
rCorr    .         Harm     .   (no gloves)
MR       .....                  (no boots)
Stlth    +.........             (no amulet)
HPRegen  0.06/turn              k - ring of ice
MPRegen  0.09/turn              (no ring)

@: no status effects
A: fangs 2, magic shield, antimagic bite, no potion heal 3, rot immunity
a: no special abilities


You were on level 2 of the Dungeon.
You were not hungry.

You visited 1 branch of the dungeon, and saw 2 of its levels.

You collected 87 gold pieces.

Inventory:

Hand Weapons
 a - a +0 war axe (weapon)
Missiles
 d - 4 throwing nets (quivered)
Armour
 b - a +0 leather armour (worn)
 c - a +0 helmet
 m - a +2 helmet (worn)
Jewellery
 k - a ring of ice (left hand)
Scrolls
 h - a scroll of teleportation {unknown}
Potions
 e - 2 potions of degeneration {unknown}
 g - a potion of heal wounds {unknown}
 j - a potion of lignification {unknown}
Comestibles
 f - a bread ration
 i - a meat ration
 l - 4 fruits


   Skills:
 + Level 2.2 Fighting
 + Level 3.2 Axes
 + Level 1.8 Throwing
 + Level 0.2 Armour
 + Level 3.0 Dodging


You had 2 spell levels left.
You didn't know any spells.

Dungeon Overview and Level Annotations

Branches:
Dungeon (2/15)

Altars:


Innate Abilities, Weirdness & Mutations

You have extremely sharp teeth.
When hurt, damage is shared between your health and your magic reserves.
Your bite disrupts and absorbs the magic of your enemies.
Potions cannot restore your health.
You are immune to rotting.


Message History

You now have 68 gold pieces (gained 9).
e - 2 ruby potions (gained 1)
There is a faded altar of an unknown god here.
You now have 76 gold pieces (gained 8).
You now have 87 gold pieces (gained 11).
There is a faded altar of an unknown god here.
The worm is too close now for your liking.
A worm is nearby!
You hit the worm. You bite the worm. You drain its power.
The worm is moderately wounded.
The worm bites you!
You hit the worm but do no damage. You bite the worm. You drain its power.
You feel invigorated.
The worm is heavily wounded.
The worm bites you!
* * * LOW HITPOINT WARNING * * *
You barely miss the worm. You bite the worm, but do no damage.
The worm is heavily wounded.
The worm bites you.
You die...

.......... .....)....# #..
..........# #.. ..........#
#.# .........###.###
#.......#.....#
#.......#.....##########
#.......#..............#
##########)†##..@w..........#
......# ##)##..............#
......# #..#$...†.........#
......# ##.#....†.........#
......# #................#
......# ##(##.##.........#
......# #..#............##
......########.#.##..........#
.............................#


You could see a worm.

Vanquished Creatures
  An ooze (D:2)
  A leopard gecko (D:2)
  2 giant cockroaches (D:2)
  5 goblins
  4 hobgoblins
  10 jackals
  3 kobolds
  A bat (D:2)
  3 frilled lizards
  3 rats (D:1)
33 creatures vanquished.

Notes
Turn   | Place    | Note
-------+----------+-------------------------------------------
     0 | D:1      | slep the Vine Stalker Gladiator began the quest for the Orb.
     0 | D:1      | Reached XP level 1. HP: 11/11 MP: 2/2
    72 | D:1      | Reached XP level 2. HP: 8/15 MP: 1/3
   423 | D:2      | Reached XP level 3. HP: 17/18 MP: 2/4
   522 | D:2      | Found a faded altar of an unknown god.
   561 | D:2      | Slain by a worm

Vault maps used:
D:1:      evilmike_arrival_plus
D:2:      chequers_ecumenical_altar_simple

Skill      XL: |  1  2  3 |
---------------+----------+-----
Axes           | 3 |  3.2
Fighting       | 2 |  2.2
Dodging        | 3 |  3.0
Throwing       | |  1.8
Armour         | |  0.2

Action                   || total
-------------------------++-------
Melee: War axe           ||    81
       Bite              ||    18
 Stab: Sleeping          ||     1
Armor: Leather armour    ||    34
Dodge: Dodged            ||    89

Table legend:
 A = Spawn XP
 B = Non-spawn XP
 C = Spawn XP percentage of total XP
 D = Spawn monster count
 E = Non-spawn monster count
 F = Spawn count percentage of total count
 G = Total turns spent on level
                    A         B        C        D         E        F      G
               +---------+---------+-------+---------+---------+-------+---------
         Total |       0 |      64 |   0.0 |       0 |      33 |   0.0 |   561
               +---------+---------+-------+---------+---------+-------+---------
           D:1 |       0 |      28 |   0.0 |       0 |      17 |   0.0 |   366
           D:2 |       0 |      36 |   0.0 |       0 |      16 |   0.0 |   195
               +---------+---------+-------+---------+---------+-------+---------
